 Dungeon Sprint DCSS version 0.30-a0-269-gf0224bf7b6 (webtiles) character file.

Game seed: 11563349055724049665

149 Hubris850 the Fiendish (level 5, -5/40 HPs)
             Began as a Djinni Fire Elementalist on Oct 14, 2022.
             Was a Priest of Makhleb.
             Killed themself with a badly aimed concussive blast (6 damage)
             ... in the Dungeon (Sprint VII: "The Pits").
             The game lasted 00:04:37 (411 turns).

Hubris850 the Fiendish (Djinni Fire Elementalist)    Turns: 411, Time: 00:04:38

Health: -5/40      AC:  2    Str:  7    XL:     5   Next: 57%
Gold:   0          EV: 13    Int: 19    God:    Makhleb [***...] SH:  0 Dex: 13

rFire   + + .      SeeInvis .    k - +1 quarterstaff (speed)
rCold   x . .      Faith    .    (shield currently unavailable)
rNeg    . . .      Spirit   .    a - +0 robe
rPois   ∞          Reflect  .    (no helmet)
rElec   .          Harm     .    (no cloak)
rCorr   .          Rampage  .    (no gloves)
Will    .....      NoTele   +    (boots unavailable)
Stlth   ++........               (no amulet)
HPRegen 0.26/turn                (no ring)
MPRegen 0.00/turn                (no ring)

@: flying, very slightly contaminated
A: sickness immunity, fire resistance 2, cold vulnerability 1, float, innate
caster, HP casting, extra vitality 1
a: Renounce Religion, Minor Destruction, Lesser Servant of Makhleb


You were in the Dungeon.
You worshipped Makhleb.
Makhleb was most pleased with you.
You visited 1 branch

Inventory:

Hand Weapons
 g - a +2 quarterstaff
 h - a +2 falchion
 k - a +1 quarterstaff of speed (weapon)
 l - a +0 long sword of flaming
 m - a +1 dagger of electrocution
Armour
 a - a +0 robe (worn)
Scrolls
 f - a scroll of blinking
 j - a scroll of summoning
Potions
 b - 6 potions of curing
 c - 6 potions of heal wounds
 d - a potion of haste
 e - 3 potions of berserk rage
 i - 2 potions of invisibility


   Skills:
 - Level 3.0 Fighting
 - Level 4.0 Dodging
 - Level 1.9 Stealth
 + Level 5.6 Spellcasting
 + Level 6.1 Invocations


You couldn't memorise any spells.
You knew the following spells:

 Your Spells              Type           Power      Damage    Failure   Level
a - Foxfire               Conj/Fire      100%       2x1d9     1%          1
b - Scorch                Fire           52%        2d7       1%          2
c - Kindle Blastsparks    Fire/Tloc/Air  52%        2d14      3%          3
d - Inner Flame           Hex/Fire       26%        N/A       3%          3
e - Flame Wave            Conj/Fire      26%        2d8       12%         4
f - Kiss of Death         Conj/Necr      100%       2d13      1%          1
g - Static Discharge      Conj/Air       52%        2-5/arc   1%          2
Your spell library was empty.

Dungeon Overview and Level Annotations

Branches:
Dungeon (1/1)

Altars:
Ashenzari
Cheibriados
Dithmenos
Elyvilon
Fedhas
Gozag
Hepliaklqana
Makhleb
Nemelex Xobeh
Okawaru
Qazlal
Ru
Trog
Uskayaw
Wu Jian
Xom
Yredelemnul
Zin
The Shining One
Jiyva
Lugonu

Annotations:
D Edmund


Innate Abilities, Weirdness & Mutations

You are immune to sickness and miasma.
You are immune to poison.
Your flesh is very heat resistant. (rF++)
You are vulnerable to cold. (rC-)
You float through the air rather than walking.
You learn spells naturally, not from books.
Your magical power is your life essence.
You have superior vitality. (+4 MHP)


Message History

Casting: Scorch (safe; 1% risk of failure)
Confirm with . or Enter, or press ? or * to list all spells.
You miscast Kindle Blastsparks.
The wind whips around you.
An iguana comes into view.
Casting: Kindle Blastsparks (dangerous; 4% risk of failure)
Confirm with . or Enter, or press ? or * to list all spells.
A cloud of volatile blastsparks flares up around you!
The iguana attacks as you move away! The iguana misses you.
The cloud of blastsparks explodes!
The concussive blast engulfs the iguana!
You kill the iguana!
Makhleb accepts your kill. The concussive blast engulfs you. You resist.
You are knocked back by the blast.
Your Invocations skill increases to level 6!
Casting: Kindle Blastsparks (dangerous; 3% risk of failure)
Confirm with . or Enter, or press ? or * to list all spells.
A cloud of volatile blastsparks flares up around you!
Edmund zaps a wand.
The puff of flame hits you. You resist.
The cloud of blastsparks explodes!
The concussive blast engulfs you. You resist.
You are knocked back by the blast.
Casting: Kindle Blastsparks (dangerous; 3% risk of failure)
Confirm with . or Enter, or press ? or * to list all spells.
A cloud of volatile blastsparks flares up around you!
* * * LOW HITPOINT WARNING * * *
Edmund says, "You wouldn't believe how much I paid for this flail."
Edmund zaps a wand.
The puff of flame hits you. You resist.
* * * LOW HITPOINT WARNING * * *
The cloud of blastsparks explodes!
The concussive blast engulfs you. You resist.
* * * LOW HITPOINT WARNING * * *
You are knocked back by the blast.
Casting: Kindle Blastsparks (dangerous; 3% risk of failure)
Confirm with . or Enter, or press ? or * to list all spells.
A cloud of volatile blastsparks flares up around you!
* * * LOW HITPOINT WARNING * * *
Edmund zaps a wand.
The puff of flame misses you.
The cloud of blastsparks explodes!
The concussive blast engulfs you. You resist.
You die...

#_________.#
#_______...#######
##########'##.....
#.?(!')))'.##.....
##########.##.....
#...........'.....
#'#####'#####.....
#.#..#..#..##.....
#@#..)).#).#####'#
#.#.)####.)##.....
#.#.)#..#).##.....
#.#.†#..#[[##.....
#.##'#..#'###...<.
#.#........##.....
#@#........##.....
#'###########.....
#.. ######


You could see Edmund.

Vanquished Creatures
  A phantom (D)
  An iguana (D)
  2 gnolls (D)
  An adder (D)
  A river rat (D)
  An ufetubus (D)
  2 orcs (D)
  A goblin (D)
  A quokka (D)
  A rat (D)
12 creatures vanquished.

Vanquished Creatures (others)
  22 foxfires (D)
22 creatures vanquished.

Grand Total: 34 creatures vanquished

Notes
Turn   | Place    | Note
-------+----------+-------------------------------------------
     0 | D        | Hubris850 the Djinni Fire Elementalist began the quest for
                  | the Orb.
     0 | D        | Hubris850 set off with the following spells memorised:
                  | Foxfire, Scorch, Kindle Blastsparks, Inner Flame, Flame
                  | Wave.
     0 | D        | Reached XP level 1. HP: 15/15 MP: 0/0
    13 | D        | Reached XP level 2. HP: 16/21 MP: 0/0
    45 | D        | Found a glowing golden altar of the Shining One.
    45 | D        | Found a glowing silver altar of Zin.
    45 | D        | Found a basalt altar of Yredelemnul.
    45 | D        | Found a shimmering altar of Xom.
    45 | D        | Found an ornate altar of the Wu Jian Council.
    45 | D        | Found a bloodstained altar of Trog.
    45 | D        | Found a sacrificial altar of Ru.
    45 | D        | Found a stormy altar of Qazlal.
    45 | D        | Found an iron altar of Okawaru.
    45 | D        | Found a sparkling altar of Nemelex Xobeh.
    45 | D        | Found a burning altar of Makhleb.
    45 | D        | Found a viscous altar of Jiyva.
    45 | D        | Found a hazy altar of Hepliaklqana.
    45 | D        | Found an opulent altar of Gozag.
    45 | D        | Found a blossoming altar of Fedhas.
    45 | D        | Found a white marble altar of Elyvilon.
    45 | D        | Found a shadowy altar of Dithmenos.
    45 | D        | Found a snail-covered altar of Cheibriados.
    46 | D        | Found a corrupted altar of Lugonu.
    47 | D        | Found a hide-covered altar of Uskayaw.
    47 | D        | Found a broken altar of Ashenzari.
    78 | D        | Became a worshipper of Makhleb the Destroyer
    96 | D        | Reached skill level 1 in Fighting
    96 | D        | Reached skill level 1 in Invocations
   101 | D        | Reached XP level 3. HP: 26/27 MP: 0/0
   101 | D        | Learned a level 1 spell: Kiss of Death
   108 | D        | Reached * piety under Makhleb
   112 | D        | Reached skill level 2 in Invocations
   264 | D        | Reached ** piety under Makhleb
   269 | D        | Reached XP level 4. HP: 24/34 MP: 0/0
   395 | D        | Noticed a phantom
   403 | D        | Killed a phantom
   403 | D        | Reached *** piety under Makhleb
   403 | D        | Noticed Edmund
   404 | D        | Reached skill level 5 in Spellcasting
   404 | D        | Reached skill level 5 in Invocations
   404 | D        | Reached XP level 5. HP: 32/40 MP: 0/0
   404 | D        | Learned a level 2 spell: Static Discharge
   407 | D        | Reached skill level 6 in Invocations
   411 | D        | Killed themself with a badly aimed concussive blast

Illustrated notes

Levels and vault maps discovered:
D:        pitsprint [storerooms_1, entrance_room_1, metal_vault_4, armoury_2,
          mini_pit_1, grid_room_1, main_hall_1, silver_pit, the_coven_3,
          the_vestibule_1, steel_vault_2, golden_pit, hallway_of_sentries,
          crystal_vault_6, iron_vault_1, final_vault]

Skill      XL: |  1  2  3  4  5 |
---------------+----------------+-----
Spellcasting   | 3 4 5 |  5.6
Fighting       | 1 2 3 |  3.0
Dodging        | 3 4 |  4.0
Invocations    | 1 2 5 6 |  6.1
Stealth        | |  1.9

Action                   |  1- 3 |  4- 6 || total
-------------------------+-------+-------++-------
Melee: Quarterstaff      |     2 |     4 ||     6
 Cast: Foxfire           |     7 |     6 ||    13
       Kindle Blastspark |     3 |     4 ||     7
       Scorch            |     1 |     2 ||     3
Armor: Robe              |     2 |     1 ||     3
Dodge: Dodged            |     1 |     5 ||     6

Table legend: (Time is in decaauts)
 A = Elapsed time spent in this place.
 B = Non-inter-level travel time spent in this place.
 C = Inter-level travel time spent in this place.
 D = Time resting spent in this place.
 E = Time spent auto-exploring this place.
 F = Levels seen in this place.
 G = Mean time per level.
                   A        B        C        D        E       F      G
               +--------+--------+--------+--------+--------+-----+--------+
         Total |    410 |    410 |      0 |    197 |      0 |   1 |  410.0 |
       Dungeon |    410 |    410 |      0 |    197 |      0 |   1 |  410.0 |
               +--------+--------+--------+--------+--------+-----+--------+

Top non-repeatable levels by time:
       D: 410 daAuts
